 Dungeon Crawl Stone Soup version 0.21.1-1-g345015f (webtiles) character file.

12511 Daunt the Cleaver (level 11, -9/103 HPs)
             Began as a Deep Dwarf Fighter on May 16, 2018.
             Was a Believer of Elyvilon.
             Splashed by Erolcha's acid (10 damage)
             ... on level 11 of the Dungeon.
             The game lasted 01:23:08 (10726 turns).

Daunt the Cleaver (Deep Dwarf Fighter)             Turns: 10726, Time: 01:23:08

Health: -9/103     AC: 12    Str: 21    XL:     11   Next: 63%
Magic:  11/12      EV:  8    Int:  8    God:    Elyvilon [**....]
Gold:   826        SH:  0    Dex: 15    Spells: 10/10 levels left

rFire    . . .     SeeInvis .   K - +0 battleaxe
rCold    + . .     Gourm    .   (shield currently unavailable)
rNeg     . . .     Faith    .   D - +0 plate armour
rPois    .         Spirit   .   t - +0 helmet
rElec    .         Reflect  .   (no cloak)
rCorr    .         Harm     .   w - +1 pair of gloves
MR       +....                  (no boots)
Stlth    ..........             j - amulet of magic regeneration
HPRegen  0.00/turn              P - ring of protection from cold
MPRegen  0.38/turn              (no ring)

@: about to teleport, corroded, non-regenerating, drained
A: damage resistance, heal wounds, sense surroundings 2, no regeneration
a: Heal Wounds, Lesser Healing, Heal Other, Divine Protection, Renounce Religion


You were on level 11 of the Dungeon.
You worshipped Elyvilon.
Elyvilon was pleased with you.
You were hungry.

You visited 2 branches of the dungeon, and saw 13 of its levels.
You also visited: Sewer.

You collected 826 gold pieces.

Inventory:

Hand Weapons
 a - a +1 war axe
 K - a +0 battleaxe (weapon)
Missiles
 e - 248 stones (quivered)
Armour
 c - a +0 shield
 t - a +0 helmet (worn)
 w - a +1 pair of gloves (worn)
 y - a +2 buckler
 D - a +0 plate armour (worn)
 O - a +0 large shield
Jewellery
 j - an amulet of magic regeneration (around neck)
 P - a ring of protection from cold (left hand)
Wands
 k - a wand of polymorph (9)
 p - a wand of digging (36)
 C - a wand of acid (8)
 G - a wand of flame (16)
Scrolls
 g - a scroll of noise {unknown}
 h - 3 scrolls of remove curse
 i - a scroll of magic mapping
 m - 8 scrolls of enchant armour
 n - 2 scrolls of blinking {unknown}
 r - a scroll of enchant weapon
 s - 7 scrolls of teleportation
 B - 4 scrolls of fear
 E - a scroll of fog {unknown}
 I - 2 scrolls of immolation {unknown}
 L - a scroll of identify
Potions
 b - 3 potions of mutation
 d - a potion of might
 o - 4 potions of curing
 q - 2 potions of haste
 v - 2 potions of agility
 x - 4 potions of heal wounds
 z - a potion of cancellation
 A - 4 potions of flight
 F - a potion of invisibility
 H - a potion of brilliance {unknown}
 J - a potion of berserk rage
 M - a potion of lignification {unknown}
Miscellaneous
 l - a lightning rod (4/4)
Comestibles
 f - 12 rations
 u - a chunk of flesh


   Skills:
 + Level 8.1(7.6) Fighting
 + Level 13.3(12.8) Axes
 - Level 7.0(6.6) Armour
 - Level 4.0(3.7) Dodging
 - Level 4.0(3.6) Shields
 + Level 9.1(8.6) Invocations
 + Level 7.2(6.7) Evocations


You had 10 spell levels left.
You didn't know any spells.

Dungeon Overview and Level Annotations

Branches:
Dungeon (12/15)            Temple (1/1) D:4            Lair (0/6) D:10
    Orc (0/2) D:11

Altars:
Ashenzari
Cheibriados
Dithmenos
Elyvilon
Fedhas
Gozag
Hepliaklqana
Kikubaaqudgha
Nemelex Xobeh
Okawaru
Qazlal
Ru
Sif Muna
Trog
Uskayaw
Vehumet
Wu Jian
Xom
Yredelemnul
Zin
The Shining One

Shops:
D:4 :

Annotations:
D:11 Erolcha


Innate Abilities, Weirdness & Mutations

You are resistant to damage.
You can heal yourself by infusing magical energy.
You passively map the area around you.
You do not regenerate.


Message History

Press: ? - help, Dir - move target cursor, f/p - Erolcha Heal: Erolcha, wielding an enchanted giant spiked club, wearing a robe and carrying a wand of acid (12) (lightly wounded)
The light of Elyvilon fails to reach Erolcha.
You are feeling hungry.
Press: ? - help, v - describe, . - travel
Here: Erolcha, wielding an enchanted giant spiked club, wearing a robe and carrying a wand of acid (12) (lightly wounded)
The floor, spattered with blood.
Erolcha points at you and mumbles some strange words.
The bolt of cold hits you! You resist.
* * * LOW HITPOINT WARNING * * *
You climb upwards.
There is a stone staircase leading down here.
As you read the scroll of teleportation, it crumbles to dust.
You feel strangely unstable.
Erolcha hits you with an enchanted giant spiked club!!
Elyvilon protects you from harm!
Erolcha zaps a wand.
The bolt of acid hits you!
* * * LOW HITPOINT WARNING * * *
The acid corrodes you!
You are splashed with acid!
The acid burns!
You die...

.#'###########...#####...........
.#...........#...#...#########...
.#...........#...#...........#...
.#...........#...#...........#...
.###.........#...#...........#...
...#......#'##...#...........#...
...#......#....O.#...........#...
...#......#......#........####...
^..#......#.....@#........#......
...#......#......)........#......
...#......#......##########......
...########......................
.................................
...........................#+###.
....#######................#...#.
....#.....#................#...#.
....#.....+..............###...#.


You could see Erolcha.

Vanquished Creatures
  A two-headed ogre (D:7)
  An unseen horror (D:10)
  Pikel (D:6)
  Psyche (D:9)
  A gargoyle (D:11)
  A kobold demonologist (D:11)
  5 trolls
  Grinder (D:5)
  5 hippogriffs
  A wraith (D:10)
  2 wyverns
  4 yaks (D:10)
  A hungry ghost (D:5)
  Menkaure (D:7)
  Duvessa (D:6)
  A water moccasin (D:10)
  A swamp drake (D:9)
  2 ice beasts
  3 slaves (D:6)
  6 sky beasts
  3 orc warriors
  3 phantoms
  2 necrophages
  6 ogres
  2 wolves (D:10)
  A centaur (D:10)
  2 crocodiles
  3 big kobolds
  2 bullfrogs
  A wyvern zombie (D:11)
  Dowan (D:6)
  A killer bee (D:9)
  A scorpion (D:4)
  11 wights
  4 howler monkeys
  5 crimson imps
  7 electric eels
  2 centaur zombies (D:11)
  2 quasits (D:10)
  2 bullfrog zombies (D:9)
  4 jellies
  8 orc priests
  13 hounds
  A centaur skeleton (D:6)
  A bullfrog skeleton (D:6)
  Ijyb (D:5)
  A gnoll shaman (D:8)
  2 iguanas
  9 orc wizards
  6 worker ants
  A hound skeleton (D:4)
  3 worker ant zombies
  A howler monkey skeleton (D:4)
  Robin (D:2)
  14 gnolls
  16 adders
  4 river rats
  An ooze (D:4)
  An adder zombie (D:7)
  3 adder skeletons (D:4)
  4 worms
  2 dart slugs
  4 leopard geckos
  45 orcs
  2 ball pythons
  5 giant cockroaches
  14 goblins
  11 hobgoblins
  14 jackals
  8 quokkas
  3 bats (D:1)
  4 frilled lizards
  21 kobolds
  2 leopard gecko skeletons
  8 rats
  A spectral orc (D:4)
340 creatures vanquished.

Vanquished Creatures (others)
  A centaur (D:6)
  An adder (D:10)
2 creatures vanquished.

Grand Total: 342 creatures vanquished

Notes
Turn   | Place    | Note
-------+----------+-------------------------------------------
     0 | D:1      | Daunt the Deep Dwarf Fighter began the quest for the Orb.
     0 | D:1      | Reached XP level 1. HP: 20/20 MP: 1/1
   242 | D:1      | Reached skill level 3 in Axes
   242 | D:1      | Reached XP level 2. HP: 27/27 MP: 2/2
   853 | D:2      | Reached XP level 3. HP: 28/33 MP: 3/3
   968 | D:2      | Reached skill level 4 in Axes
  1021 | D:2      | Noticed Robin
  1034 | D:2      | Killed Robin
  1046 | D:2      | Reached XP level 4. HP: 28/40 MP: 4/4
  1267 | D:2      | Found a stormy altar of Qazlal.
  1268 | D:2      | Noticed an air elemental
  1270 | D:2      | Noticed a fire elemental
  1270 | D:2      | Noticed a water elemental
  1270 | D:2      | Noticed an earth elemental
  1306 | D:2      | Reached skill level 5 in Axes
  1321 | D:2      | Noticed a sky beast
  1411 | D:2      | Killed a sky beast
  1411 | D:2      | Reached XP level 5. HP: 18/49 MP: 5/5
  2095 | D:3      | Reached skill level 6 in Axes
  2278 | D:3      | Reached XP level 6. HP: 28/57 MP: 6/6
  2688 | D:4      | Found a shattered altar of Ashenzari.
  2719 | D:4      | Found a staircase to the Ecumenical Temple.
  2729 | Temple   | Entered the Ecumenical Temple
  2884 | Temple   | Became a worshipper of Elyvilon the Healer
  2992 | D:4      | Reached XP level 7. HP: 42/66 MP: 7/7
  3091 | D:4      | Found a basalt altar of Yredelemnul.
  3224 | D:4      | Found Pasche's Book Shoppe.
  3257 | D:5      | Entered Level 5 of the Dungeon
  3371 | D:5      | Reached skill level 7 in Axes
  3492 | D:5      | Reached skill level 5 in Fighting
  3596 | D:5      | Noticed a hungry ghost
  3621 | D:5      | Killed a hungry ghost
  3883 | D:5      | Noticed Grinder
  3885 | D:5      | Paralysed by Grinder for 2 turns
  3903 | D:5      | Paralysed by Grinder for 4 turns
  3907 | D:5      | Killed Grinder
  3907 | D:5      | Reached skill level 8 in Axes
  3907 | D:5      | Reached XP level 8. HP: 33/76 MP: 7/7
  4056 | D:5      | Noticed Ijyb
  4069 | D:5      | Killed Ijyb
  4377 | D:6      | Reached * piety under Elyvilon
  4555 | D:6      | Reached skill level 9 in Axes
  4556 | D:6      | Found a glowing drain.
  4598 | Sewer    | Entered a sewer
  4694 | Sewer    | Reached skill level 1 in Invocations
  4732 | Sewer    | Found a glowing silver altar of Zin.
  5073 | D:6      | Noticed Pikel
  5103 | D:6      | Killed Pikel
  5103 | D:6      | Reached skill level 10 in Axes
  5103 | D:6      | Gained mutation: You passively map the area around you. [Deep Dwarf growth]
  5103 | D:6      | Reached XP level 9. HP: 12/82 MP: 7/10
  5250 | D:6      | Noticed Duvessa
  5251 | D:6      | Noticed Dowan
  5257 | D:6      | Killed Duvessa
  5283 | D:6      | Killed Dowan
  5390 | D:7      | Noticed a two-headed ogre
  5460 | D:7      | Found a deep blue altar of Sif Muna.
  5561 | D:7      | Reached skill level 5 in Invocations
  5585 | D:7      | Reached skill level 11 in Axes
  5585 | D:7      | Reached skill level 1 in Evocations
  5834 | D:7      | HP: 3/82 [two-headed ogre/giant spiked club (17)]
  5835 | D:7      | Killed a two-headed ogre
  5835 | D:7      | Reached skill level 12 in Axes
  5899 | D:7      | Found an opulent altar of Gozag.
  5918 | D:7      | Noticed Menkaure
  5922 | D:7      | Killed Menkaure
  6229 | D:7      | Found a glowing golden altar of the Shining One.
  6473 | D:8      | Reached ** piety under Elyvilon
  6557 | D:7      | Reached XP level 10. HP: 64/91 MP: 10/10
  6574 | D:7      | Reached skill level 1 in Dodging
  6608 | D:8      | Reached skill level 5 in Evocations
  6702 | D:8      | Got a jewelled leather armour
  6713 | D:8      | Identified the +2 leather armour of New Discoveries {rPois rC- Regen+ Str+8} (You found it on level 8 of the Dungeon)
  7068 | D:8      | Found a glowing silver altar of Zin.
  7157 | D:8      | Found a hazy altar of Hepliaklqana.
  7157 | D:8      | Found an ancient bone altar of Kikubaaqudgha.
  7753 | D:9      | Reached skill level 5 in Armour
  8072 | D:9      | Noticed Psyche
  8089 | D:9      | Killed Psyche
  8728 | D:10     | Entered Level 10 of the Dungeon
  8920 | D:10     | Reached *** piety under Elyvilon
  9041 | D:10     | Reached XP level 11. HP: 75/100 MP: 11/11
  9323 | D:10     | Killed an unseen horror
  9341 | D:10     | Reached skill level 13 in Axes
  9430 | D:10     | Found a staircase to the Lair.
 10131 | D:11     | Found a staircase to the Orcish Mines.
 10305 | D:11     | HP: 4/103 [gargoyle/flail (13)]
 10709 | D:12     | Noticed Erolcha
 10724 | D:11     | Elyvilon protects you from harm!
 10726 | D:11     | HP: 1/103 [Erolcha/wand of acid (12) (8)]
 10726 | D:11     | Splashed by Erolcha's acid

Skill      XL: |  1  2  3  4  5  6  7  8  9 10 11 |
---------------+----------------------------------+-----
Axes           | 3 4 5 6 8 10 12 13 | 13.3
Fighting       | 3 4 6 7 8 |  8.1
Armour         | 4 6 7 |  7.0
Shields        | 4 |  4.0
Invocations    | 4 5 7 9 |  9.1
Evocations     | 4 5 7 |  7.2
Dodging        | 4 |  4.0

Action                   |  1- 3 |  4- 6 |  7- 9 | 10-12 || total
-------------------------+-------+-------+-------+-------++-------
Melee: War axe           |   151 |   249 |   365 |   471 ||  1236
       Battleaxe         |       |       |    13 |   204 ||   217
Throw: Stone             |     7 |   121 |   175 |   199 ||   502
Invok: Lesser Healing    |       |       |    13 |    63 ||    76
       Heal Other        |       |       |       |     3 ||     3
 Abil: Heal Wounds       |       |     2 |    10 |    11 ||    23
Evoke: Wand              |       |       |     9 |     6 ||    15
       Lightning rod     |       |       |       |     2 ||     2
  Use: Scroll            |       |     6 |     9 |     4 ||    19
       Potion            |       |       |       |     1 ||     1
 Stab: Invisible         |       |       |       |     1 ||     1
  Eat: Chunk             |     1 |     6 |    16 |    23 ||    46
       Ration            |       |       |     1 |     1 ||     2
Armor: Scale mail        |    16 |       |       |       ||    16
       Chain mail        |    65 |   130 |   162 |    15 ||   372
       Plate armour      |       |       |       |   306 ||   306
Dodge: Dodged            |    29 |    57 |    75 |   192 ||   353
Block: Shield            |    72 |   111 |     6 |       ||   189
       Buckler           |       |       |    80 |   108 ||   188
